AoeStats
← aroz

Golden Pit

510136238Analyzed
1v1 RM · 3d ago on Sep 29, 2026· 35m 39s· 2 players
Game mode
Random Map
Map size
Tiny (2 player)
Population
200
Speed
Normal
Resources
Standard
Victory
Conquest
Starting age
Dark Age
Ending age
Imperial Age
RankedLock teamsTeams togetherTeam positionsShared explorationLock speedFull tech treeHidden civsTurbo modeCheats
Victory
Defeat
🇪🇸 Berbers · Spain
1371
+14
🇧🇪 Japanese · Belgium
1332
-14
Maximus
5:46 Loom
8:44 Feudal Age
9:28 Double-Bit Axe
15:53 Fletching
22:52 Castle Age
21:15 Forging
20:44 Man-at-Arms
21:59 Scale Mail Armor
22:33 Gold Mining
22:34 Horse Collar
24:02 Wheelbarrow
23:00 Pikeman
25:37 Gambesons
27:00 Town Watch
29:07 Iron Casting
29:39 Chain Mail Armor
34:55 Hand Cart
aroz
6:25 Loom
9:15 Feudal Age
9:57 Double-Bit Axe
17:40 Scale Barding Armor
18:43 Bloodlines
20:04 Wheelbarrow
20:07 Forging
24:48 Castle Age
24:29 Gold Mining
25:43 Husbandry
25:03 Light Cavalry
26:10 Chain Barding Armor
26:26 Iron Casting
28:15 Town Watch
32:13 Horse Collar
32:48 Bow Saw
Connection lost

Rejoining the realm…

Still unreachable

The connection could not be restored.

Session expired

The server has moved on; the page needs a fresh start.